 Dungeon Crawl Stone Soup version 0.26.0-7-g794d0892b4 (webtiles) character file.

Game seed: 1667173605985147659

13297 mg7810 the Cleaver (level 12, -9/101 HPs)
             Began as a Hill Orc Monk on Jan 11, 2021.
             Was a High Priest of Qazlal.
             Killed from afar by a balrug (28 damage)
             ... with a bolt of fire
             ... in a Gauntlet.
             The game lasted 00:39:38 (13585 turns).

mg7810 the Cleaver (Hill Orc Monk)                 Turns: 13585, Time: 00:39:39

Health: -9/101     AC: 27    Str: 19    XL:     12   Next: 4%
Magic:  18/18      EV:  4    Int: 10    God:    Qazlal [*****.]
Gold:   336        SH: 11    Dex: 17    Spells: 11/11 levels left

rFire    . . .     SeeInvis .   d - +8 falchion "Oseyju" {freeze, +Fly}
rCold    . . .     Faith    .   (no shield)
rNeg     . . .     Spirit   .   a - +1 crystal plate armour
rPois    .         Reflect  +   J - +1 hat of Cocytus {Dex+4}
rElec    .         Harm     .   s - +2 cloak of Jistriosa {Slay+3}
rCorr    +         Rampage  .   (no gloves)
Will     +....     NoTele   +   m - +2 pair of boots {Fly}
Stlth    ..........             l - amulet of reflection
HPRegen  0.26/turn              b - ring of resist corrosion
MPRegen  0.16/turn              v - ring of willpower

@: lethally poisoned (-9 -> -20), flying, repel missiles
A: no striking features
a: Stop Flying, Renounce Religion, Upheaval, Elemental Force, Disaster Area


You were in a Gauntlet.
You worshipped Qazlal.
Qazlal was extremely pleased with you.
You visited 2 branches of the dungeon, and saw 12 of its levels.
You also visited: Ossuary, Bailey and Gauntlet.

You collected 2150 gold pieces.
You spent 1814 gold pieces at shops.

Inventory:

Hand Weapons
 d - the +8 falchion "Oseyju" (weapon) {freeze, +Fly}
   (You found it on level 9 of the Dungeon)

   It has been specially enchanted to freeze those struck by it, causing extra
   injury to most foes and up to half again as much damage against particularly
   susceptible opponents.
   It can also slow down cold-blooded creatures.
   It lets you fly.
 w - a +0 war axe of flaming
 x - a +1 war axe of venom
Missiles
 B - 3 atropa-tipped darts
 D - 8 poisoned darts (quivered)
Armour
 a - a +1 crystal plate armour (worn)
 c - a +0 helmet
 g - a +4 chain mail of fire resistance
 m - a +2 pair of boots of flying (worn)
 s - the +2 cloak of Jistriosa (worn) {Slay+3}
   (You bought it in a shop on level 6 of the Dungeon)

   It affects your accuracy and damage with ranged weapons and melee attacks
   (+3).
 J - the +1 hat of Cocytus (worn) {Dex+4}
   (You found it in a Gauntlet)

   It affects your dexterity (+4).
Jewellery
 b - a ring of resist corrosion (left hand)
 l - an amulet of reflection (around neck)
 v - a ring of willpower (right hand)
 F - an uncursed ring of ice {unknown}
 K - the amulet "Paubrun" {Faith Stlth+, unknown}
   (You found it in a Gauntlet)

   [amulet of faith]

   It allows you to gain divine favour quickly.
   It makes you more stealthy.
Wands
 n - a wand of disintegration (1)
 u - a wand of flame (20)
 y - a wand of iceblast (4)
 E - a wand of polymorph (6)
Scrolls
 e - 7 scrolls of enchant weapon
 h - 3 scrolls of fog
 j - 6 scrolls of remove curse
 q - a scroll of fear
 t - a scroll of identify
 z - 6 scrolls of enchant armour
 A - 5 scrolls of teleportation
 H - a scroll of blinking
Potions
 f - 3 potions of might
 i - 2 potions of flight {unknown}
 k - 3 potions of magic {unknown}
 o - a potion of lignification {unknown}
 p - a potion of ambrosia {unknown}
 r - 2 potions of heal wounds
 C - 7 potions of curing
 G - a potion of haste {unknown}
 I - a potion of degeneration {unknown}


   Skills:
 + Level 8.1 Fighting
 * Level 5.5 Long Blades
 + Level 12.0 Axes
 * Level 4.6 Throwing
 + Level 7.8 Armour
 + Level 3.2 Dodging
 - Level 1.5 Stealth
 + Level 6.7 Shields
 * Level 9.0 Invocations
 * Level 6.9 Evocations


You had 11 spell levels left.
You didn't know any spells.
Your spell library was empty.

Dungeon Overview and Level Annotations

Branches:
Dungeon (11/15)            Temple (1/1) D:5             Orc (0/2) D:10
Ossuary (visited)          Bailey (visited)         Gauntlet (1/1)
   Lair: D:8-11

Altars:
Ashenzari
Cheibriados
Dithmenos
Elyvilon
Fedhas
Gozag
Hepliaklqana
Kikubaaqudgha
Makhleb
Nemelex Xobeh
Okawaru
Qazlal
Ru
Sif Muna
Trog
Uskayaw
Vehumet
Wu Jian
Xom
Yredelemnul
Zin
The Shining One

Shops:
D:6 ??[[   D:7 [   D:8 *   D:9 ?

Annotations:
D:3 2 transporters
D:10 2 transporters Gauntlet 8 transporters


Message History

The bolt of fire hits you!
You see here a brightly glowing golden amulet.
K - a brightly glowing golden amulet The balrug hits you with a +0 demon whip of venom!!
You are engulfed in flames!!
You are poisoned.
You feel sick. The balrug gestures at you. Something smites you!
You see here 16 gold pieces.
You feel sick.
There is a transporter here.
You enter the transporter and appear at another place.
You feel sick. The balrug gestures at you. Something smites you!
* * * LOW HITPOINT WARNING * * *
The balrug gestures at you. The bolt of fire hits you!!
You die...

#.#. .#.# #.#.#######.#.#
#......2§.....# #...©.@.©...#
############..8.8.8..############
≈#≈#≈#§#§####.......####≈#≈#≈#≈#≈
.......§§.#≈#########≈#..........
...8.........................8...
..........8.....8.....8..........
#########...............#########
./(©.=.u#...#########...#..[$©!..
##...##u#...#...#.#©#...#t#.....#


You could see a balrug.

Vanquished Creatures
  Harold (D:9)
  3 two-headed ogres
  3 orc knights (Bailey)
  2 ugly things
  Joseph (D:9)
  A centaur skeleton (D:10)
  A troll (D:10)
  Prince Ribbit (D:6)
  Sigmund (D:3)
  3 yaks (D:10)
  Grum (D:9)
  16 orc warriors
  3 ice beasts
  2 phantoms
  3 sky beasts
  2 ogres
  3 centaurs
  4 wolves (D:9)
  2 big kobolds (D:10)
  7 bullfrogs
  A gnoll sergeant (D:6)
  A wyvern zombie (D:8)
  4 scorpions
  12 killer bees
  A howler monkey (D:6)
  4 crimson imps (D:5)
  2 bullfrog zombies (D:9)
  A centaur zombie (D:6)
  Crazy Yiuf (D:2)
  8 hounds
  2 jellies
  6 orc wizards
  2 human zombies (Ossuary)
  7 orc priests
  A bullfrog skeleton (D:10)
  Jessica (D:2)
  7 iguanas
  Ijyb (D:3)
  Terence (D:2)
  7 worker ants
  A mummy (D:6)
  Robin (D:3)
  11 adders
  6 gnolls
  A howler monkey skeleton (D:7)
  A shadow imp (D:8)
  2 white imps
  3 ufetubi
  An ooze (D:3)
  2 adder zombies (Ossuary)
  2 adder skeletons (D:4)
  4 worms
  A dart slug (D:1)
  4 leopard geckos
  70 orcs
  2 ball pythons
  4 giant cockroaches
  12 goblins
  14 hobgoblins
  13 jackals
  5 quokkas
  7 bats
  5 frilled lizards
  A gnoll zombie (Ossuary)
  3 goblin zombies (Ossuary)
  4 hobgoblin zombies (Ossuary)
  7 kobolds (D:10)
  A kobold zombie (Ossuary)
  An orc zombie (Ossuary)
  A quokka skeleton (D:4)
  5 rats
  4 rat zombies (Ossuary)
329 creatures vanquished.

Vanquished Creatures (collateral kills)
  A great orb of eyes (Gauntlet)
  An ugly thing (Gauntlet)
  An orc warrior (Bailey)
  3 mummies (Ossuary)
  6 orcs (Bailey)
12 creatures vanquished.

Vanquished Creatures (others)
  A fungus (D:2)
  A withered plant (Gauntlet)
2 creatures vanquished.

Grand Total: 343 creatures vanquished

Notes
Turn   | Place    | Note
-------+----------+-------------------------------------------
     0 | D:1      | mg7810 the Hill Orc Monk began the quest for the Orb.
     0 | D:1      | Reached XP level 1. HP: 19/19 MP: 1/1
   672 | D:1      | Reached XP level 2. HP: 24/27 MP: 2/2
  1092 | D:2      | Noticed Jessica
  1118 | D:2      | Killed Jessica
  1119 | D:2      | Reached skill level 1 in Armour
  1119 | D:2      | Reached XP level 3. HP: 19/33 MP: 3/3
  1264 | D:2      | Reached XP level 4. HP: 37/40 MP: 4/4
  1563 | D:2      | Noticed Terence
  1604 | D:2      | Killed Terence
  1605 | D:2      | Reached skill level 5 in Axes
  1706 | D:2      | Found a runed translucent door.
  1707 | D:2      | Noticed Crazy Yiuf
  1832 | D:2      | Found a stormy altar of Qazlal.
  1835 | D:2      | Found a blossoming altar of Fedhas.
  1841 | D:2      | Became a worshipper of Qazlal Stormbringer
  1841 | D:2      | Reached * piety under Qazlal
  1841 | D:2      | Reached ** piety under Qazlal
  1940 | D:2      | Reached XP level 5. HP: 42/47 MP: 5/5
  1958 | D:2      | Found a bloodstained altar of Trog.
  2285 | D:2      | Killed Crazy Yiuf
  2616 | D:3      | Reached skill level 1 in Evocations
  2663 | D:3      | Found a transporter.
  2741 | D:3      | Noticed Robin
  2751 | D:3      | Reached XP level 6. HP: 49/55 MP: 6/6
  2760 | D:3      | Killed Robin
  2761 | D:3      | Reached skill level 5 in Fighting
  2769 | D:3      | Reached *** piety under Qazlal
  2846 | D:3      | Noticed Sigmund
  2867 | D:3      | Killed Sigmund
  2868 | D:3      | Reached skill level 6 in Axes
  2868 | D:3      | Reached skill level 1 in Shields
  2868 | D:3      | Reached skill level 1 in Invocations
  3030 | D:3      | Noticed Ijyb
  3042 | D:3      | Killed Ijyb
  3043 | D:3      | Reached XP level 7. HP: 56/61 MP: 8/8
  3307 | D:3      | Found a transporter.
  3357 | D:3      | Found a sparkling altar of Nemelex Xobeh.
  4040 | D:4      | Reached skill level 7 in Axes
  4292 | D:4      | Reached XP level 8. HP: 66/70 MP: 10/10
  5322 | D:4      | Found an ornate altar of the Wu Jian Council.
  5441 | D:5      | Entered Level 5 of the Dungeon
  5577 | D:5      | Reached **** piety under Qazlal
  5578 | D:5      | Reached skill level 8 in Axes
  5656 | D:5      | Found a shimmering altar of Xom.
  5677 | D:5      | Found a staircase to the Ecumenical Temple.
  5692 | D:5      | Reached skill level 5 in Armour
  5719 | Temple   | Entered the Ecumenical Temple
  6378 | D:6      | Found Zaugirup's Armour Boutique.
  6393 | D:6      | Noticed Prince Ribbit
  6424 | D:6      | Reached XP level 9. HP: 57/75 MP: 12/12
  6437 | D:6      | Reached skill level 5 in Invocations
  6439 | D:6      | Found Vumoas's Magic Scroll Emporium.
  6477 | D:6      | Found a sand-covered staircase.
  6491 | Ossuary  | Entered an ossuary
  7063 | D:6      | Found Yxaluc's Magic Scroll Shop.
  7067 | D:6      | Bought a scroll of brand weapon for 240 gold pieces
  7167 | D:6      | Killed Prince Ribbit
  7168 | D:6      | Reached skill level 9 in Axes
  7208 | D:6      | Found Nagodd's Antique Armour Shoppe.
  7247 | D:6      | Found a hide-covered altar of Uskayaw.
  7429 | D:7      | Reached ***** piety under Qazlal
  7439 | D:7      | Reached skill level 10 in Axes
  7439 | D:7      | Reached skill level 1 in Throwing
  7498 | D:7      | Found Ucwuc's Armour Shop.
  7605 | D:7      | Found a glowing silver altar of Zin.
  7807 | D:7      | Found an iron altar of Okawaru.
  7969 | D:8      | Reached XP level 10. HP: 84/84 MP: 14/14
  7974 | D:8      | Reached skill level 5 in Evocations
  7975 | D:8      | Noticed a two-headed ogre
  7985 | D:8      | Killed a two-headed ogre
  8257 | D:8      | Noticed a two-headed ogre
  8266 | D:8      | Killed a two-headed ogre
  8267 | D:8      | Reached skill level 11 in Axes
  8923 | D:8      | Found Awnegg's Assorted Antiques.
  9093 | D:9      | Found a flagged portal.
  9103 | Bailey   | Entered a bailey
  9113 | Bailey   | Reached skill level 5 in Shields
  9286 | Bailey   | Noticed an orc knight
  9291 | Bailey   | Killed an orc knight
  9563 | Bailey   | Noticed an orc knight
  9595 | Bailey   | Reached XP level 11. HP: 58/92 MP: 16/16
  9604 | Bailey   | HP: 1/92 [orc knight/+0 trident (10)]
  9605 | Bailey   | Killed an orc knight
 10001 | Bailey   | Noticed an orc knight
 10040 | Bailey   | Killed an orc knight
 10259 | Bailey   | Identified a scroll of acquirement
 10259 | Bailey   | Acquired 1298 gold pieces
 10388 | D:6      | Bought a +1 crystal plate armour for 1131 gold pieces
 10388 | D:6      | Bought the +2 cloak of Jistriosa {Slay+3} for 443 gold
                  | pieces
 10543 | D:9      | Got a transparent falchion
 10555 | D:9      | Noticed Grum
 10572 | D:9      | Killed Grum
 10588 | D:9      | Identified the +8 falchion "Oseyju" {freeze, +Fly} (You
                  | found it on level 9 of the Dungeon)
 10707 | D:9      | Noticed Joseph
 10718 | D:9      | Killed Joseph
 10741 | D:9      | Noticed a brown ugly thing
 10755 | D:9      | Killed a brown ugly thing
 10764 | D:9      | Reached skill level 1 in Long Blades
 10975 | D:9      | Noticed Harold
 10990 | D:9      | Killed Harold
 10991 | D:9      | Reached skill level 12 in Axes
 11021 | D:9      | Found Xolitaoz's Magic Scroll Shoppe.
 11100 | D:9      | Noticed a two-headed ogre
 11104 | D:9      | Killed a two-headed ogre
 11478 | D:10     | Entered Level 10 of the Dungeon
 11491 | D:10     | Noticed a white ugly thing
 11610 | D:10     | Found a transporter.
 11613 | D:10     | Noticed an ettin
 11634 | D:10     | Found a transporter.
 11780 | D:10     | Identified the +5 morningstar "Ifan" {flame, +Rage rF+ MP-9
                  | SInv}
 12462 | D:10     | Found a staircase to the Orcish Mines.
 12815 | D:11     | Found a gate leading to a gauntlet.
 12825 | Gauntlet | Entered a Gauntlet
 12825 | Gauntlet | Found a transporter.
 12831 | Gauntlet | Noticed a sixfirhy
 12834 | Gauntlet | Found a transporter.
 12836 | Gauntlet | Noticed a sixfirhy
 12836 | Gauntlet | Noticed a sixfirhy
 12837 | Gauntlet | Noticed a great orb of eyes
 12851 | Gauntlet | Found a transporter.
 12854 | Gauntlet | Found a transporter.
 12856 | Gauntlet | Noticed a glowing orange brain
 12856 | Gauntlet | Noticed a purple ugly thing
 12859 | Gauntlet | Noticed a red ugly thing
 12875 | Gauntlet | Found a transporter.
 12887 | Gauntlet | Noticed a balrug
 12891 | Gauntlet | Found a transporter.
 12901 | Gauntlet | Found a transporter.
 12928 | Gauntlet | Noticed a ghost crab
 12930 | Gauntlet | Found a transporter.
 12930 | Gauntlet | Found a transporter.
 12934 | Gauntlet | Found a transporter.
 12954 | Gauntlet | Noticed a green ugly thing
 12959 | Gauntlet | Noticed a red ugly thing
 12967 | Gauntlet | Found a transporter.
 12967 | Gauntlet | Found a transporter.
 13100 | Gauntlet | Paralysed by a great orb of eyes for 4 turns
 13107 | Gauntlet | Killed a great orb of eyes
 13107 | Gauntlet | Killed a cyan ugly thing
 13108 | Gauntlet | Reached skill level 5 in Long Blades
 13108 | Gauntlet | Reached XP level 12. HP: 60/101 MP: 11/18
 13117 | Gauntlet | Got a brightly glowing hat
 13564 | Gauntlet | Identified the +1 hat of Cocytus {Dex+4} (You found it in a
                  | Gauntlet)
 13582 | Gauntlet | Got a brightly glowing golden amulet
 13585 | Gauntlet | Killed from afar by a balrug

Illustrated notes

Levels and vault maps discovered:
D:1:      wander_arrival_peaceful_grave, layout_loops_ring, serial_forest,
          infiniplex_forest_side_room, infiniplex_forest_lined_room_3,
          infiniplex_forest_clump_double, infiniplex_forest_end_3,
          infiniplex_forest_clump_cross, dk_noncrumbling_3
D:2:      layout_rooms, grunt_temple_overflow_forces_of_nature, bloody_trog,
          uniq_crazy_yiuf_cottage, uniq_jessica, uniq_terence
D:3:      gammafunk_steamed_eel, layout_loops_cross, general_overflow_altar,
          minmay_misc_feat_chi, minmay_misc_feat_doors, uniq_ijyb, uniq_sigmund,
          uniq_robin
D:4:      layout_loops_corners, pdpol_wu_jian_five_deadly_venoms
D:5:      layout_cave_pools, led_xom_imps, minmay_temple_entry_wispy
D:6:      layout_basic, kennysheep_mini_moat, serial_shops, kennysheep_mini,
          kennysheep_little_box, nicolae_shop_trees, shop,
          gup_ossuary_entry_pyramid, uniq_prince_ribbit1
D:7:      layout_cave_pools, marbit_many_paths, serial_column_ruins,
          column_ruins_temple_hut, column_ruins_columns_T, column_ruins_grid_1,
          column_ruins_grid_4, column_ruins_open_tiny, serial_shops,
          shop_fountains
D:8:      layout_loops_corners, serial_shops, shop, chequers_serial_rivers_marsh
D:9:      layout_long_grid, enter_bailey_4, serial_shops, shop_fountains,
          grunt_ogre_cave, uniq_harold, uniq_grum, uniq_joseph
D:10:     gammafunk_the_bubble [the_bubble_gammafunk_crates], layout_basic,
          david_orc_4, minivault_22
D:11:     layout_loops_ring, dpeg_oklobed_lair, gauntlet_entry_generic,
          uniq_fannar
Temple:   eino_temple_lava
Gauntlet: minmay_gauntlet_mixed_oops_all_seconds
          [minmay_gauntlet_arena_77_two_paths,
          gammafunk_gauntlet_arena_split_diamond, minmay_gauntlet_arena_77_mess,
          gammafunk_gauntlet_arena_split_x,
          minmay_gauntlet_arena_77_radiant_squares,
          gammafunk_gauntlet_arena_corners,
          nicolae_gauntlet_exit_dead_adventurers]

Skill      XL: |  1  2  3  4  5  6  7  8  9 10 11 12 |
---------------+-------------------------------------+-----
Fighting       | 4 5 6 7 8 |  8.1
Armour         | 1 2 3 5 6 7 |  7.8
Axes           | 5 6 7 8 10 11 12 | 12.0
Evocations     | 1 2 3 4 6 |  6.9
Dodging        | 3 |  3.2
Shields        | 1 2 3 4 5 6 |  6.7
Invocations    | 1 2 4 6 7 8 9 |  9.0
Throwing       | 1 3 4 |  4.6
Long Blades    | 5 |  5.5
Stealth        | |  1.5

Action                   |  1- 3 |  4- 6 |  7- 9 | 10-12 || total
-------------------------+-------+-------+-------+-------++-------
Melee: Hand axe          |    50 |   170 |       |       ||   220
       War axe           |       |    59 |   458 |   201 ||   718
       Falchion          |       |       |       |   168 ||   168
Throw: Dart              |       |       |       |     4 ||     4
Invok: Upheaval          |       |     1 |     1 |     1 ||     3
       Elemental Force   |       |       |     1 |     3 ||     4
       Disaster Area     |       |       |       |     1 ||     1
Evoke: Wand              |       |       |     1 |    11 ||    12
  Use: Scroll            |     3 |     1 |    15 |     6 ||    25
       Potion            |     1 |     1 |     2 |     4 ||     8
 Stab: Distracted        |       |       |       |     2 ||     2
Armor: Ring mail         |    16 |    24 |       |       ||    40
       Chain mail        |       |    89 |   225 |       ||   314
       Plate armour      |       |       |     7 |    78 ||    85
       Crystal plate arm |       |       |       |   141 ||   141
Dodge: Dodged            |    25 |    79 |   152 |    73 ||   329
Block: Other             |       |    83 |   243 |   232 ||   558
       Reflection        |       |     3 |     2 |     5 ||    10
       Rpst.: Falchion   |       |       |       |     7 ||     7
